Cogmind - Beta 17 @@@ ROGUE MODE // 2026.07.21 @ 11:19:05 Player: Zish Result: Destroyed self via exploding Nuclear Reactor Performance ------------- Evolutions (0) 0 Regions Visited (1) 200 Robots Destroyed (31) 155 Value Destroyed (651) 651 Prototype IDs (1) 20 Alien Tech Used (0) 0 Bonus (5500) 5500 TOTAL SCORE: 6526 Bonus ------- Prayed to X0-1V1 5000 Major X0-1V1 Interference 500 Cogmind --------- Core Integrity 0/250 Matter 249/300 Energy 684/900 System Corruption 2% Temperature Cool (0) Movement Treading (240) Ox1 Location -10/Materials Parts ------- > --- POWER (1) -------- (None) > --- PROPULSION (2) --- Light Treads > --- UTILITY (2) ------ Large Storage Unit X0-1V1's Piety Tracker > --- WEAPON (2) ------- Assault Rifle Grenade Launcher > --- INVENTORY (15) --- Small Storage Unit Hacking Suite Datajack Mining Laser Peak State ------------ > --- POWER ------------ Light Ion Engine > --- PROPULSION ------- Light Treads Light Treads > --- UTILITY ---------- Large Storage Unit X0-1V1's Piety Tracker > --- WEAPON ----------- EM Pulse Gun Assault Rifle > --- INVENTORY -------- Light Ion Engine Small Storage Unit Datajack [Rating: 19] Favorites ----------- Power Light Ion Engine Engine Light Ion Engine Propulsion Light Treads Treads Light Treads Utility Large Storage Unit Device X0-1V1's Piety Tracker Storage Large Storage Unit Weapon Assault Rifle Energy Gun EM Pulse Gun Ballistic Gun Assault Rifle Launcher Grenade Launcher Build | -11 -10 ------- Run | Yrd Mat Slots Evolved . | . . Power . | . . Propulsion . | . . Utility . | . . Weapon . | . . Parts Attached 14 | 7 7 Power 2 | 1 1 Engine 2 | 1 1 Core . | . . Reactor . | . . Propulsion 3 | 2 1 Treads 3 | 2 1 Leg . | . . Wheel . | . . Hover . | . . Flight . | . . Utility 4 | 1 3 Device 2 | . 2 Storage 2 | 1 1 Processor . | . . Hackware . | . . Protection . | . . Artifact . | . . Weapon 5 | 3 2 Energy Gun 2 | 2 . Energy Cannon . | . . Ballistic Gun 2 | 1 1 Ballistic Cannon . | . . Launcher 1 | . 1 Special Weapon . | . . Impact Weapon . | . . Slashing Weapon . | . . Piercing Weapon . | . . Special Melee Weapon . | . . Unidentified Prototypes 1 | . 1 Parts Lost 8 | . 8 Power 2 | . 2 Propulsion 2 | . 2 Utility 1 | . 1 Weapon 3 | . 3 Highest Loss Streak 4 | . 4 To Critical Strikes . | . . Average Backups 3 | 1 3 Power . | . . Propulsion . | . . Utility 1 | . 1 Weapon . | . . Tool/Special . | . . Unused Backups 3 | . 3 Power . | . . Propulsion . | . . Utility 1 | . 1 Weapon 1 | . 1 Tool/Special 1 | . 1 Average Slot Usage (%) 86 | . 86 Engine 9 | . 9 Treads 26 | . 26 Device 10 | . 10 Storage 14 | . 14 Energy Gun 3 | . 3 Ballistic Gun 17 | . 17 Launcher 3 | . 3 Peak Build Rating 19 | 6 19 Average Rating 14 | 4 14 On Entrance 3 | . 6 Avg Prop Armor Cover (%) . | . . Naked Turns . | . . Heaviest Build 28 | 12 28 Greatest Support 40 | 40 40 Greatest Overweight (x) 1 | . 1 Average Overweight (x) . | . . Largest Inventory Capacity 15 | 8 15 Average Capacity 13 | 6 14 Most Carried 5 | 2 5 Average Carried 3 | 1 3 Final Capacity 15 | 8 15 Final Carried 4 | 2 4 Class Distribution -------------------- 100% | Mutant Dominant Class ---------------- Mutant | -10/Materials Resources | -11 -10 ----------- Run | Yrd Mat Matter Collected 729 | 218 511 Remotely . | . . Salvage Created 769 | . 769 Parts 51 | . 51 Haulers Intercepted 2 | . 2 Recyclers Shooed . | . . Parts Field Recycled . | . . Retrieved Matter . | . . Parts Self-Destructed . | . . Prevented . | . . Parts Restored . | . . Kills | -11 -10 ------- Run | Yrd Mat Combat Hostiles Destroyed 15 | . 15 Guns 10 | . 10 AOE 5 | . 5 Classes Destroyed 9 | . 9 Worker 2 | . 2 Builder 2 | . 2 Tunneler 3 | . 3 Hauler 2 | . 2 Recycler 2 | . 2 Operator 3 | . 3 Watcher 2 | . 2 Swarmer 6 | . 6 Grunt 9 | . 9 Best Kill Streak 4 | . 4 Combat Bots Only 3 | . 3 Max Kills in Single Turn 3 | . 3 Gunslinging . | . . Exploded 2 | . 2 Melee . | . . Uniques/NPCs Destroyed . | . . Combat | -11 -10 -------- Run | Yrd Mat Hostile Shots Fired 82 | . 82 Missed 21 | . 21 Hits 61 | . 61 Projectile 61 | . 61 Damage Taken 1103 | . 1103 Core 265 | . 265 Absorbed by Shields . | . . Core Remaining (%) 100 | 100 . Volleys Fired 93 | . 93 Largest 2 | . 2 Hottest 60 | . 60 Shots Fired 143 | . 143 Gun 133 | . 133 Cannon . | . . Launcher 10 | . 10 Special . | . . Kinetic 118 | . 118 Thermal . | . . Explosive 10 | . 10 Electromagnetic 15 | . 15 Robot Hit Streak 15 | . 15 Robot Miss Streak 4 | . 4 Penetration Max . | . . Secondary Targets . | . . Shots Hit Robots 96 | . 96 Core Hits 42 | . 42 Critical Kills . | . . Critical Parts Destroyed . | . . Critical Strikes . | . . Melee Attacks . | . . Impact . | . . Slashing . | . . Piercing . | . . Sneak Attacks . | . . Combat Hostiles . | . . Follow-up Attacks . | . . Damage Inflicted 1841 | . 1841 Guns 1062 | . 1062 Cannons . | . . Explosions 779 | . 779 Melee . | . . Ramming . | . . Kinetic 923 | . 923 Thermal 164 | . 164 Explosive 615 | . 615 Electromagnetic 139 | . 139 Impact . | . . Slashing . | . . Piercing . | . . Highest Corruption 2 | . 2 Average Corruption 2 | . 2 Corruption Purged . | . . Corruption Blocked . | . . Effects 6 | . 6 Message Errors 1 | . 1 Matter Fused 1 | . 1 Energy Discharges 1 | . 1 Parts Rejected 1 | . 1 Data Loss (minor) 2 | . 2 Overload Shots . | . . Overflow Damage 59 | . 59 Projectiles . | . . Explosions 59 | . 59 Melee . | . . Knockbacks . | . . Impact . | . . Kinetic . | . . Secondary . | . . Self-Inflicted Damage 513 | . 513 Shots 12 | . 12 Rammed . | . . Targets Rammed . | . . Kicked . | . . Crushed . | . . Highest Temperature 36 | . 36 Average Temperature 17 | . 17 Received Heat Transfer 246 | . 246 Siege Activations . | . . Martial Activations . | . . Shielding Activations . | . . Robots Disrupted . | . . Combat Hostiles . | . . Robots Corrupted . | . . Combat Hostiles . | . . Parts Fried . | . . Impact Corruptions . | . . Robots Melted . | . . Combat Hostiles . | . . Parts Melted . | . . Heat Transferred 250 | . 250 Parts Sabotaged . | . . Parts Stolen . | . . Parts Stripped . | . . Power Chain Reactions 2 | . 2 Alert | -11 -10 ------- Run | Yrd Mat Maximum Alert Level 1 | . 1 Low Security (%) 94 | 100 94 Level 1 5 | . 5 Level 2 . | . . Level 3 . | . . Level 4 . | . . Level 5 . | . . High Security . | . . Max Security . | . . Peak Influence 343 | . 343 Initial . | . . Average 54 | . 57 Influence Increases 830 | . 830 Destroy 0b10 Robot/C 300 | . 300 Destroy 0b10 Robot/NC 80 | . 80 Destroy Leader 68 | . 68 Successful Hack 8 | . 8 Disable Machine 195 | . 195 Destroy Structure 164 | . 164 Lose Combat Pursuer 15 | . 15 Influence Decreases 479 | . 479 Time Decay 417 | . 417 Lost Part 62 | . 62 Squads Dispatched 2 | . 2 Investigation 1 | . 1 Extermination . | . . Reinforcement 1 | . 1 Assault . | . . Garrison . | . . Intercept . | . . Searches Triggered . | . . Construction Impeded . | . . Haulers Reinforced . | . . Active Scanning Responses . | . . Cargo Convoy Interrupts . | . . Stealth | -11 -10 --------- Run | Yrd Mat Distress Signals 3 | . 3 Communications Jammed . | . . Distress Signals . | . . Times Spotted 34 | . 34 Peak Tracking Total 4 | . 4 Tactical Retreats 1 | . 1 Traps | -11 -10 ------- Run | Yrd Mat Traps Triggered 1 | . 1 Indirectly . | . . Trap Hack Attempts . | . . Triggered . | . . Disarmed . | . . Reprogrammed . | . . Reused . | . . Traps Extracted . | . . Installed . | . . Triggered . | . . Machines | -11 -10 ---------- Run | Yrd Mat Machines Disabled 14 | . 14 Max in Single Turn 3 | . 3 Machines Repaired . | . . Machines Dismantled . | . . Machines Sabotaged . | . . Overloaded Fab Kills . | . . Hacking | -11 -10 --------- Run | Yrd Mat Machines Accessed 4 | . 4 Terminals 3 | . 3 Fabricators . | . . Repair Stations . | . . Recycling Units 1 | . 1 Scanalyzers . | . . Garrison Access . | . . Total Hacks 6 | . 6 Successful 5 | . 5 Failed 1 | . 1 Catastrophic . | . . Database Lockouts . | . . Manual 2 | . 2 Terminals 4 | . 4 Fabricators . | . . Repair Stations . | . . Recycling Units 2 | . 2 Scanalyzers . | . . Garrison Access . | . . Terminal Hacks 2 | . 2 Emergency Access Points 1 | . 1 Locate Traps 1 | . 1 Fabricator Hacks . | . . Repair Station Hacks . | . . Recycling Unit Hacks 2 | . 2 Retrieve Components 2 | . 2 Scanalyzer . | . . Garrison Access Hacks . | . . Unauthorized Hacks 1 | . 1 Terminals 1 | . 1 Operators 1 | . 1 Fabricators . | . . Repair Stations . | . . Recycling Units . | . . Scanalyzers . | . . Garrison Access . | . . Data Cores Recovered 1 | . 1 Used . | . . Hacking Detections 1 | . 1 Full Trace Events . | . . Feedback Events . | . . Feedback Blocked . | . . Robot Schematics Acquired . | . . Robots Built . | . . Authchips . | . . Time . | . . Total Robot Build Rating . | . . Part Schematics Acquired . | . . Parts Built . | . . Authchips . | . . Time . | . . Total Part Build Rating . | . . Part Studies Acquired . | . . Parts Repaired . | . . Time . | . . Parts Recycled . | . . Recycled Matter . | . . Retrieved Matter . | . . Retrieved Components 3 | . 3 Parts Scanalyzed . | . . Part Schematics Acquired . | . . Parts Damaged . | . . Bothacking | -11 -10 ------------ Run | Yrd Mat Used RIF Installer . | . . Robots Hacked . | . . Non-combat . | . . Combat . | . . Robot Hacks Applied . | . . Relay Couplers Released . | . . Fabnet Peak Effective % . | . . Robots Rewired . | . . Allies Hacked . | . . Hacks Repelled . | . . Allies | -11 -10 -------- Run | Yrd Mat Total Allies . | . . Largest Group . | . . Highest-Rated Group . | . . Highest-Rated Ally . | . . Total Orders . | . . Ally Attacks . | . . Total Damage . | . . Kills . | . . Allies Corrupted . | . . Allies Melted . | . . X0-1V1 Amusement Gains 110 | . 110 Good Acts 2 | . 2 Bad Acts 6 | . 6 Intel | -11 -10 ------- Run | Yrd Mat Active Infowar (turns) . | . . Robot Analysis Total . | . . Derelict Logs Recovered . | . . Drone Launches . | . . Drone Recoveries . | . . Exploration | -11 -10 ------------- Run | Yrd Mat Turns Passed 1239 | 75 1164 Spaces Moved 559 | 42 517 Core 3 | 3 . Treads 556 | 39 517 Legs . | . . Wheels . | . . Hover . | . . Flight . | . . Fastest Speed 50 | 50 160 Average Speed 164 | 152 165 Slowest Speed 240 | 160 240 Overloaded Moves . | . . Propulsion Burnouts . | . . Robots Hopped . | . . Potential Cave-ins . | . . Cave-ins Triggered . | . . Exploration Rate (%) 39 | 3 76 Regions Visited 1 Branch Regions . Pre-discovered Areas . | . . Known Exits Taken . | . . Unknown Exits Taken 1 | 1 . Scrap Searched . | . . Spaces Dug . | . . Terrain Destroyed 176 | . 176 Melee . | . . Projectile . | . . AOE 176 | . 176 Terrain Rammed . | . . Walls Destroyed . | . . Machines Disabled . | . . Actions | -11 -10 --------- Run | Yrd Mat Total 729 | 50 679 Wait 54 | . 54 Move 558 | 41 517 Hop . | . . Pick Up 7 | 2 5 Fast Attach 11 | 6 5 Attach 4 | . 4 Detach 1 | . 1 Swap 1 | 1 . Drop . | . . Fire 93 | . 93 Melee . | . . Ram . | . . Kick . | . . Crush . | . . Escape Stasis . | . . Rewire . | . . Trap . | . . Miscellaneous . | . . Route ------- -11/Scrapyard -10/Materials (discovered 5 exits: [*Mat x2] / [*Min x2] / [*Sub]) History --------- Turn | Location | Event 39 | -11/Scrapyard | Discovered new exit (range 15) 76 | -11/Scrapyard | Entered Materials 224 | -10/Materials | Discovered new exit (range 5) 242 | -10/Materials | Discovered new exit (range 7) 315 | -10/Materials | Discovered new exit (range 8) 318 | -10/Materials | Build established: Mutant 332 | -10/Materials | Prayed at D.C.S.S. Altar Unit 366 | -10/Materials | Discovered new exit (range 16) 889 | -10/Materials | Lost 4 parts (1p1n1u1w) 914 | -10/Materials | Discovered new exit (range 18) 1100 | -10/Materials | X0-1V1 announced a LAN party 1177 | -10/Materials | Core integrity fell below 50% 1177 | -10/Materials | Core integrity fell below 20% 1240 | -10/Materials | Destroyed self via exploding Nuclear Reactor Last Messages --------------- 01139_ The unstable cave ceiling collapses. 01160_ W-16 Scout destroyed. 01165_ Acquired 6 matter. 01167_ W-16 Scout destroyed. 01173_ Acquired 3 matter. 01176_ Fusion Modulator explodes. 01176_ Lgt. Treads destroyed. 01176_ Destroyed Lgt. Treads. 01176_ Fusion Modulator explodes. 01183_ The unstable cave ceiling collapses. 01185_ K-01 Serf collects debris. 01231_ Destroyed Lgt. Ion Engine. 01231_ Electrolysis Chamber disabled. 01231_ S-10 Pest destroyed. 01231_ Electrolysis Chamber disabled. 01234_ S-10 Pest destroyed. 01237_ The unstable cave ceiling collapses. 01237_ T-07 Excavator destroyed. 01240_ Nuclear Reactor explodes. 01240_ X0-1V1 snickers! Map ----- +----------------------------------------------------+ | # ############ #####+#####???????? | | # #??????????# ## #???????? | | #! !#??????????# ## ""#???????? | | ##!! !##??????????# ## Y"#???????? | | ?######???????????#% ## ""#???????? | | ########???######## ## #???????? | | ##### ## """ #???????? | | ## """ #???????? | | < % % + """ #???????? | | " ## #???????? | | " # T ###+############???????? | | " !" "# " # ????????????? | | """""""# # ????????????? | | ######## # < ????????????? | | ### # ## """ # ???????????? | | """""""" """ # #?????????? | | "" """ ##+## ##+###???????? | | ? = #???????? | | ?? ] +???????? | | ? #???????? | | ? #???????? | | ####+#####??# #???????? | | # #??# #???????? | | + #### +???????? | | # """ + ?????????? | | " # """ ######@ #???????????? | | ! " # # """ #???! !#??????? | | " # # """ #? #??????? | | " # # """ # """ " = " #??????? | | """"""" # # # """ " #??????? | | # # ### # # """ * * " #??????? | | # ####### ########## = #??????? | | #????????#?#############??????? | | ######### #?????????????????????????????? | | ????????? ??????????????????????????????? | | ????????? ??????????????????????????????? | | ????????? ??????????????????????????????? | | ????????? ??????????????????????????????? | | ????????? ??????????????????????????????? | | ????????? ??????????????????????????????? | | ????????????????????????????????????????? | | ????????????????????????????????????????? | | ????????????????????????????????????????? | | ????????????????????????????????????????? | | ????????????????????????????????????????? | | ????????????????????????????????????????? | | ????????????????????????????????????????? | | | | | | | +----------------------------------------------------+ Best States ------------- Heat Dissipation 25 Energy Generation 10 Energy Capacity 900 Matter Stores 300 Matter Capacity 300 Sight Range 18 Terrain Scan Density 10 Evasion (%) 40 Recoil Reduction 2 Item Schematics ----------------- None Robot Schematics ------------------ None Fabricated ------------ Nothing Repaired ---------- Nothing Studied --------- None Alien Tech Used ----------------- None Achievements -------------- None Challenges ------------ None Game ------ Seed SuperdensePietyRouter Manual? 0 Play Time 00:11:35 Cumulative 47.5 hours Start 2026.07.21 @ 11:13:04 End 2026.07.21 @ 11:19:05 Sessions 1 Manual Loads 0 Difficulty Rogue Special Mode None Game No. 115 Rogue 115 Adventurer 0 Explorer 0 Win Type - Total 0 Types 0/0/0/0/0/0/0/0/0/0 Lore% 21 Gallery% 30 Achievement% 27 Wizard Run 0 Options --------- Layout 1 ASCII 0 Keyboard 1 Movement Vi Keybinds 0 Fullscreen 1 Font 24/Smallcaps Map View 50x35 Zoom Use 0% Tactical HUD 1 Map Filters NONE Filters NONE Steam 1 RUN: 21a5a84e-f24c-43da-83a1-32fa383389f2